 Dungeon Crawl Stone Soup version 0.24.0-7-gb3623d2c88 (webtiles) character file.

Game seed: 304978673754068873, levelgen mode: deterministic

16979 Arixos the Sneak (level 11, -15/88 (89) HPs)
             Began as a Demigod Enchanter on Nov 2, 2019.
             Killed by the air
             ... invoked by Gastronok
              (60 damage)
             ... on level 2 of the Lair of Beasts.
             The game lasted 01:12:52 (16650 turns).

Arixos the Sneak (Demigod Enchanter)               Turns: 16650, Time: 01:12:53

HP:   -15/88 (89)   AC: 12    Str: 20    XL:     11   Next: 86%
MP:   23/23         EV: 20    Int: 19    God:
Gold: 608           SH:  5    Dex: 18    Spells: 6/21 levels left

rFire    + . .     SeeInvis .   P - +2 dagger (venom)
rCold    + . .     Gourm    .   B - +0 buckler
rNeg     . . .     Faith    .   I - +3 leather armour "Ottaych" {rC+ Slay+2}
rPois    .         Spirit   .   (helmet restricted)
rElec    .         Reflect  .   y - +0 cloak
rCorr    .         Harm     .   o - +1 pair of gloves
MR       +....     Clarity  +   M - +1 pair of boots
Stlth    ++++......             (no amulet)
HPRegen  0.24/turn              u - +4 ring of evasion
MPRegen  0.18/turn              K - ring of protection from fire

@: mighty, flying, slowed, very slow
A: beak, blink, clarity, high mp 1
a: Blink


You were on level 2 of the Lair of Beasts.
You were hungry.

You visited 3 branches of the dungeon, and saw 12 of its levels.

You collected 657 gold pieces.
You spent 49 gold pieces at shops.

Inventory:

Hand Weapons
 J - a +1 rapier
 P - a +2 dagger of venom (weapon)
Missiles
 k - 35 poisoned darts (quivered)
 C - 5 curare-tipped darts
Armour
 o - a +1 pair of gloves (worn)
 y - a +0 cloak (worn)
 B - a +0 buckler (worn)
 I - the +3 leather armour "Ottaych" (worn) {rC+ Slay+2}
   (You took it off an orc wizard on level 8 of the Dungeon)

   It affects your accuracy and damage with ranged weapons and melee attacks
   (+2).
   It protects you from cold.
 M - a +1 pair of boots (worn)
Jewellery
 u - a +4 ring of evasion (left hand)
 K - a ring of protection from fire (right hand)
Wands
 j - a wand of random effects (16)
 l - a wand of flame (21)
 n - a wand of paralysis (9)
 L - a wand of clouds (5)
 N - a wand of polymorph (8)
Scrolls
 q - 2 scrolls of amnesia
 t - 7 scrolls of identify
 v - 2 scrolls of blinking
 x - 3 scrolls of remove curse
 z - 5 scrolls of teleportation
 A - 2 scrolls of magic mapping
 H - a scroll of fog
 R - a scroll of enchant weapon
Potions
 a - 2 potions of degeneration {unknown}
 b - 2 potions of magic
 c - a potion of ambrosia {unknown}
 e - 2 potions of haste {unknown}
 f - 3 potions of brilliance
 g - a potion of flight
 h - 7 potions of curing
 i - 2 potions of lignification {unknown}
 m - a potion of cancellation {unknown}
 r - 2 potions of heal wounds {unknown}
 s - a potion of mutation
 w - 2 potions of might
 D - a potion of agility {unknown}
Comestibles
 d - 27 rations


   Skills:
 + Level 6.0 Fighting
 + Level 6.1 Short Blades
 + Level 6.0 Armour
 + Level 6.2 Dodging
 + Level 7.1 Stealth
 - Level 4.0 Shields
 + Level 5.8 Spellcasting
 + Level 6.7 Hexes
 - Level 4.0 Charms
 * Level 3.3 Necromancy
 * Level 3.3 Translocations
 - Level 4.0 Ice Magic


You had 6 spell levels left.
You knew the following spells:

 Your Spells              Type           Power        Failure   Level  Hunger
a - Ensorcelled Hibernat  Hex/Ice        ####..       2%          2    None
c - Confuse               Hex            ####....     2%          3    ##.....
e - Blink                 Tloc           N/A          4%          2    None
r - Regeneration          Chrm/Necr      ###.......   9%          3    ##.....
s - Spectral Weapon       Hex/Chrm       ####....     4%          3    ##.....
t - Sublimation of Blood  Necr           ###.......   4%          2    None

Your spell library contained the following spells:

 Spells                   Type           Power        Failure   Level  Hunger
 Corona                   Hex            ####...      1%          1    None
 Slow                     Hex            ####....     1%          2    None
 Infusion                 Chrm           ###.         2%          1    None
 Tukima's Dance           Hex            ####....     2%          3    ##.....
 Animate Skeleton         Necr           N/A          3%          1    None
 Song of Slaying          Chrm           ###.....     3%          2    None
 Corpse Rot               Necr           N/A          4%          2    None
 Shroud of Golubria       Chrm/Tloc      ###...       4%          2    None
 Portal Projectile        Hex/Tloc       ###...       4%          3    ##.....
 Cause Fear               Hex            ####......   9%          4    ####...
 Dazzling Spray           Conj/Hex       ###...       10%         3    ##.....
 Inner Flame              Hex/Fire       ###.....     10%         3    ##.....
 Magic Dart               Conj           #...         13%         1    None
 Searing Ray              Conj           #.....       21%         2    None
 Fulminant Prism          Conj/Hex       ###.......   32%         4    ####...
 Leda's Liquefaction      Hex/Erth       ###.......   32%         4    ####...
 Force Lance              Conj/Tloc      ##......     54%         4    ####...
 Excruciating Wounds      Chrm/Necr      ###.......   63%         5    #####..
 Agony                    Necr           ###.....     67%         5    #####..
 Dispel Undead            Necr           ###.....     67%         5    #####..
 Iskenderun's Mystic Bla  Conj           #.......     78%         4    ####...
 Bolt of Draining         Conj/Necr      ##........   88%         5    #####..


Dungeon Overview and Level Annotations

Branches:
Dungeon (9/15)             Temple (1/1) D:7            Lair (2/6) D:9
  Snake (0/4) Lair:2
  Swamp: Lair:2-4    Shoals: Lair:2-4       Orc: D:9-12

Shops:
D:5 *:[

Annotations:
Lair:2 Gastronok


Innate Abilities, Weirdness & Mutations

You have an increased reservoir of magic. (+10% MP)
You have a beak for a mouth.
You can translocate small distances at will.
You possess an exceptional clarity of mind.


Message History

Gastronok looks as sick as possible!
Gastronok is moderately wounded.
Gastronok casts a spell at you.
You feel yourself slow down.
Throwing (i - inventory. (/) - cycle)
k - 36 poisoned darts (quivered)
Press: ? - help, Shift-Dir - straight line, f/p - Gastronok
Aim: Gastronok, wearing a +0 hat of magic resistance (moderately wounded, poisoned)
You throw a poisoned dart. The poisoned dart hits Gastronok.
Gastronok looks as sick as possible!
Gastronok is moderately wounded.
It was a potion of might.
You feel very mighty all of a sudden.
Okay, then.
It was a potion of flight.
You feel very buoyant.
You fly up into the air.
Gastronok waves his eye-stalks in wide circles.
The air twists around and violently strikes you in flight!!!
Ouch! That really hurt!
You die...

##.(.#..#...##.# ##..###.P..
#.(#.#..#..#######......##..
####.#..P.#..##.##............
###..P........w........#..#.##.#
#......##.#.###.###.####.......#
##.....####### #.#####
#..P###### #P.(#.## #..# #####
...####### #..# ..(##....###
###@.# .....(...#.###....# ###
###P.#(...........#####.### #
####.....#......##......#
##..(#.###...###.....#### ###
#.......................#
#P###............#.#......P##
#...P.....#.#...<..##.....##
..............#.#####.....####


You could see Gastronok.

Vanquished Creatures
  A hydra (Lair:2)
  3 two-headed ogres
  Maurice (D:8)
  3 spiny frogs
  A black mamba (Lair:1)
  A rime drake (Lair:2)
  A komodo dragon (Lair:1)
  4 blink frogs (Lair:1)
  10 spriggans
  7 yaks (Lair:1)
  2 wargs (D:9)
  Grum (D:8)
  2 nagas (Lair:2)
  6 water moccasins
  3 porcupines
  6 orc warriors
  An ice beast (D:9)
  2 sky beasts
  A black bear (D:7)
  6 ogres
  6 necrophages (D:9)
  12 wolves
  11 centaurs
  8 crocodiles
  9 bullfrogs
  A wyvern zombie (D:8)
  A wyvern skeleton (D:7)
  5 scorpions
  9 wights (D:9)
  A howler monkey (D:6)
  A bullfrog zombie (D:6)
  4 crimson imps
  2 centaur skeletons
  11 hounds
  2 jellies
  12 orc wizards
  5 orc priests
  2 bullfrog skeletons
  Terence (D:3)
  Natasha (thrice) (D:1)
  3 iguanas
  11 worker ants
  A hound zombie (D:7)
  A worker ant zombie (D:5)
  Robin (D:2)
  10 adders
  5 gnolls
  4 shadow imps
  An ooze (D:1)
  An adder skeleton (D:6)
  5 worms
  A dart slug (D:4)
  5 leopard geckos
  31 orcs
  7 bats
  9 giant cockroaches
  18 goblins
  15 hobgoblins
  15 jackals
  15 kobolds
  7 quokkas
  A ball python (D:4)
  4 frilled lizards
  5 rats
  A bush (D:9)
345 creatures vanquished.

Vanquished Creatures (others)
  5 fungi (Lair:2)
  7 plants
12 creatures vanquished.

Grand Total: 357 creatures vanquished

Notes
Turn   | Place    | Note
-------+----------+-------------------------------------------
     0 | D:1      | Arixos the Demigod Enchanter began the quest for the Orb.
     0 | D:1      | Reached XP level 1. HP: 14/14 MP: 5/5
   101 | D:1      | Reached skill level 1 in Short Blades
   204 | D:1      | Reached XP level 2. HP: 20/22 MP: 7/7
   238 | D:1      | Learned a level 2 spell: Ensorcelled Hibernation
   850 | D:2      | Noticed Natasha
   858 | D:1      | Killed Natasha
   858 | D:1      | Reached skill level 3 in Stealth
   858 | D:1      | Reached XP level 3. HP: 15/27 MP: 5/8
  1207 | D:1      | Noticed Natasha
  1212 | D:1      | Killed Natasha
  1212 | D:1      | Reached skill level 1 in Ice Magic
  1380 | D:1      | Noticed Natasha
  1385 | D:1      | Killed Natasha
  1385 | D:1      | Reached skill level 1 in Fighting
  1385 | D:1      | Reached skill level 1 in Armour
  1385 | D:1      | Reached XP level 4. HP: 23/35 MP: 6/9
  1634 | D:1      | Learned a level 3 spell: Confuse
  1923 | D:2      | Noticed Robin
  1959 | D:2      | Killed Robin
  2372 | D:2      | Found a snail-covered altar of Cheibriados.
  2571 | D:2      | Reached XP level 5. HP: 35/40 MP: 8/11
  2917 | D:3      | Found a shimmering blue altar of Sif Muna.
  2933 | D:3      | Noticed Terence
  2938 | D:3      | You fall into a shaft and drop 1 floor!
  3075 | D:3      | Found a sacrificial altar of Ru.
  3207 | D:3      | Killed Terence
  4067 | D:4      | Reached XP level 6. HP: 44/48 MP: 6/12
  5326 | D:5      | Entered Level 5 of the Dungeon
  5330 | D:5      | Reached XP level 7. HP: 55/55 MP: 11/14
  5685 | D:5      | Reached skill level 4 in Stealth
  5952 | D:5      | Found Acegel's General Store.
  6261 | D:5      | Found Kopoas's Book Boutique.
  6276 | D:5      | Found Igasygics's Armour Shoppe.
  6281 | D:5      | Bought a +0 buckler for 49 gold pieces
  6302 | D:5      | Reached XP level 8. HP: 62/62 MP: 11/16
  6807 | D:6      | Reached skill level 1 in Shields
  7994 | D:7      | Found a staircase to the Ecumenical Temple.
  8118 | Temple   | Entered the Ecumenical Temple
  8206 | D:7      | Reached XP level 9. HP: 70/70 MP: 18/18
  8231 | D:7      | Reached skill level 5 in Stealth
  8641 | D:7      | Found a stormy altar of Qazlal.
  9010 | D:8      | Found an ancient bone altar of Kikubaaqudgha.
  9030 | D:8      | Noticed Maurice
  9066 | D:8      | Killed Maurice
  9066 | D:8      | Reached skill level 5 in Hexes
  9304 | D:8      | Identified the +3 leather armour "Ottaych" {rC+ Slay+2}
  9524 | D:8      | Noticed a two-headed ogre
  9531 | D:8      | Killed a two-headed ogre
  9733 | D:8      | Noticed Grum
  9757 | D:8      | Reached XP level 10. HP: 58/80 MP: 13/20
  9777 | D:8      | Killed Grum
 10041 | D:8      | Found a glowing silver altar of Zin.
 10215 | D:8      | Found a hazy altar of Hepliaklqana.
 10300 | D:9      | Reached skill level 5 in Dodging
 10648 | D:9      | Learned a level 3 spell: Spectral Weapon
 10695 | D:9      | Found a staircase to the Lair.
 10709 | D:9      | Reached skill level 6 in Stealth
 10740 | D:9      | Reached skill level 1 in Charms
 11310 | D:9      | Reached skill level 5 in Short Blades
 11730 | D:9      | Noticed a two-headed ogre
 11740 | D:9      | Killed a two-headed ogre
 11740 | D:9      | Reached skill level 5 in Fighting
 11740 | D:9      | Reached skill level 5 in Armour
 11740 | D:9      | Reached skill level 5 in Spellcasting
 11982 | D:9      | Noticed a two-headed ogre
 11993 | D:9      | Killed a two-headed ogre
 12087 | D:9      | Found a blossoming altar of Fedhas.
 12824 | Lair:1   | Entered Level 1 of the Lair of Beasts
 12824 | Lair:1   | Noticed a black mamba
 12828 | Lair:1   | Killed a black mamba
 12842 | Lair:1   | Reached XP level 11. HP: 86/87 MP: 22/22
 13212 | Lair:1   | Identified the Reference Book on Stolen Souls and
                  | Displacement
 13218 | Lair:1   | Learned a level 3 spell: Regeneration
 13221 | Lair:1   | Learned a level 2 spell: Blink
 13389 | Lair:1   | Found a sacrificial altar of Ru.
 13524 | Lair:1   | Reached skill level 1 in Translocations
 13529 | Lair:1   | Reached skill level 1 in Necromancy
 13861 | Lair:1   | Gained mutation: You can translocate small distances at
                  | will. [potion of mutation]
 13861 | Lair:1   | Gained mutation: You are occasionally teleported next to
                  | monsters. [potion of mutation]
 13861 | Lair:1   | Gained mutation: Scrolls take you a little longer to read.
                  | [potion of mutation]
 13861 | Lair:1   | Gained mutation: You are partially covered in iridescent
                  | scales. (AC +2) [potion of mutation]
 14066 | Lair:1   | Lost mutation: Scrolls take you a little longer to read.
                  | [potion of mutation]
 14066 | Lair:1   | Lost mutation: You are occasionally teleported next to
                  | monsters. [potion of mutation]
 14066 | Lair:1   | Lost mutation: You are partially covered in iridescent
                  | scales. (AC +2) [potion of mutation]
 14066 | Lair:1   | Gained mutation: You possess an exceptional clarity of
                  | mind. [potion of mutation]
 14066 | Lair:1   | Gained mutation: You have a beak for a mouth. [potion of
                  | mutation]
 14079 | Lair:1   | Identified a scroll of acquirement
 14080 | Lair:1   | Got a smoking zirconium amulet
 14081 | Lair:1   | Identified the amulet "Jeleciat" {Harm *Drain rElec Str+3}
                  | (You acquired it on level 1 of the Lair of Beasts)
 14392 | Lair:1   | Reached skill level 7 in Stealth
 14822 | Lair:2   | Learned a level 2 spell: Sublimation of Blood
 14859 | Lair:2   | Noticed Gastronok
 15036 | Lair:2   | Noticed a five-headed hydra
 15416 | Lair:2   | Found a staircase to the Snake Pit.
 16450 | Lair:2   | Killed a five-headed hydra
 16650 | Lair:2   | Killed from afar by Gastronok

Levels and vault maps discovered:
D:1:      dpeg_arrival_tiny_h, layout_loops_ring
D:2:      layout_loops_ring, lemuel_crystal_altar, uniq_natasha, uniq_robin
D:3:      layout_basic, lemuel_crystal_altar, nicolae_overflow_crystal_walls,
          uniq_terence
D:4:      corexii_shantytown, layout_basic, first_ration
D:5:      layout_loops_ring, serial_shops, nicolae_shop_behind_doors, shop,
          nicolae_shop_crystal, kennysheep_small_circle
D:6:      layout_loops_ring, st_stairs_3, grunt_potential
D:7:      layout_basic, nicolae_qazlal_style_of_elements,
          minmay_temple_entry_mini_moons
D:8:      layout_rooms, zin_academy, kiku_gazebo_garden_becter,
          marbit_many_paths, the_bakery, uniq_maurice, uniq_grum
D:9:      layout_loops_ring, erik_lair_orcish_takeover,
          fedhas_altar_decomposition
Temple:   minmay_freezing_vapour_temple
Lair:1:   kb_forest_paths, layout_gridlike, lemuel_centaur_altar,
          serial_bayou_shore_b
Lair:2:   layout_loops_ring, minmay_snake_entry_guardpost_small, uniq_gastronok

Skill      XL: |  1  2  3  4  5  6  7  8  9 10 11 |
---------------+----------------------------------+-----
Short Blades   | 1 2 3 4 5 6 |  6.1
Spellcasting   | 2 3 4 5 |  5.8
Dodging        | 2 3 4 5 6 |  6.2
Stealth        | 3 4 5 6 7 |  7.1
Hexes          | 3 4 5 6 |  6.7
Ice Magic      | 1 2 3 4 |  4.0
Fighting       | 1 2 3 4 5 6 |  6.0
Armour         | 1 2 3 4 5 6 |  6.0
Shields        | 3 4 |  4.0
Charms         | 3 4 |  4.0
Translocations | 3 |  3.3
Necromancy     | 3 |  3.3

Action                   |  1- 3 |  4- 6 |  7- 9 | 10-12 || total
-------------------------+-------+-------+-------+-------++-------
Melee: Dagger            |    53 |   196 |   155 |   381 ||   785
       Rapier            |       |       |   127 |    67 ||   194
       Peck              |       |       |       |    15 ||    15
Throw: Dart              |       |     1 |     2 |    35 ||    38
 Cast: Ensorcelled Hiber |     5 |    87 |   123 |   157 ||   372
       Confuse           |       |     4 |    29 |    35 ||    68
       Regeneration      |       |       |       |     1 ||     1
       Spectral Weapon   |       |       |       |     1 ||     1
Evoke: Wand              |       |       |       |     1 ||     1
  Use: Scroll            |       |     5 |     2 |    14 ||    21
       Potion            |       |       |       |     5 ||     5
 Stab: Sleeping          |    13 |    71 |    91 |    76 ||   251
       Confused          |       |     1 |    13 |    18 ||    32
       Distracted        |       |       |       |     1 ||     1
  Eat: Chunk             |     2 |    18 |    17 |    14 ||    51
       Ration            |       |       |     1 |     3 ||     4
Armor: Robe              |    20 |     3 |       |       ||    23
       Ring mail         |       |    60 |    70 |       ||   130
       Leather armour    |       |       |     5 |    70 ||    75
Dodge: Dodged            |    37 |   155 |   229 |   306 ||   727
Block: Buckler           |       |       |    47 |    93 ||   140
